 Dungeon Crawl Stone Soup version 0.26.1-11-gd32895ea62 (webtiles) character file.

Game seed: 7046214245556642534

2632 Descartes the Grappler (level 9, -2/80 HPs)
             Began as a Troll Chaos Knight on June 25, 2021.
             Was a Plaything of Xom.
             Slain by a wight
             ... wielding a cursed +1 halberd of distortion
              (13 damage)
             ... on level 7 of the Dungeon.
             The game lasted 00:08:36 (4952 turns).

Descartes the Grappler (Troll Chaos Knight)         Turns: 4952, Time: 00:08:44

Health: -2/80      AC: 10    Str: 22    XL:     9   Next: 35%
Magic:  8/8        EV: 11    Int: 15    God:    Xom [....*.]
Gold:   289        SH:  0    Dex:  7    Spells: 8/8 levels left

rFire    . . .     SeeInvis .     - Unarmed
rCold    + . .     Faith    +   (no shield)
rNeg     . . .     Spirit   .   a - +2 robe
rPois    .         Reflect  .   (helmet restricted)
rElec    .         Harm     .   o - +0 cloak
rCorr    .         Rampage  .   (gloves unavailable)
Will     .....                  (boots unavailable)
Stlth    +.........             g - amulet of faith
HPRegen  0.63/turn              u - ring of protection from cold
MPRegen  0.11/turn              (no ring)

@: marked
A: large, unfitting armour, claws 3, icy blue scales 1, blink, clever 2, clumsy
1, deformed body, regeneration 1, screaming 2, shaggy fur 1, tough skin 3,
MP-powered wands, sturdy frame 1
a: Blink, Renounce Religion


You were on level 7 of the Dungeon.
You worshipped Xom.
You were a beloved toy of Xom.
You visited 1 branch of the dungeon, and saw 7 of its levels.
You visited the Abyss 1 time.

You collected 289 gold pieces.

Inventory:

Hand Weapons
 G - a cursed +5 morningstar of freezing
Missiles
 c - 189 stones (quivered)
 h - 29 poisoned darts
 q - 2 throwing nets
 r - 44 bolts
 w - 107 arrows
 x - 3 atropa-tipped darts
 y - 31 sling bullets
 B - 5 large rocks
 E - 2 javelins
Armour
 a - a +2 robe (worn)
 o - a +0 cloak (worn)
Jewellery
 g - an amulet of faith (around neck)
 u - a ring of protection from cold (left claw)
Wands
 i - a wand of paralysis (7)
 F - a wand of flame (8)
Scrolls
 b - 11 scrolls of identify {unknown}
 d - 5 scrolls of remove curse {unknown}
 f - 5 scrolls of amnesia {unknown}
 k - 3 scrolls of teleportation {unknown}
 l - 2 scrolls of immolation {unknown}
 n - 2 scrolls of enchant weapon {unknown}
 p - 4 scrolls of fog {unknown}
 C - a scroll of fear {unknown}
 D - a scroll of enchant armour {unknown}
Potions
 e - 2 potions of lignification {unknown}
 j - 2 potions of brilliance {unknown}
 m - 2 potions of heal wounds {unknown}
 s - a potion of attraction {unknown}
 t - a potion of berserk rage {unknown}
 v - 2 potions of haste {unknown}
 z - 3 potions of curing {unknown}
 A - a potion of resistance {unknown}


   Skills:
 - Level 2.4 Fighting
 + Level 4.8 Throwing
 + Level 4.9 Dodging
 + Level 10.5 Unarmed Combat


You had 8 spell levels left.
You didn't know any spells.
Your spell library contained the following spells:

 Spells                   Type           Power        Failure   Level
 Shock                    Conj/Air       0%           26%         1
 Swiftness                Air            0%           38%         2
 Static Discharge         Conj/Air       0%           63%         3
 Airstrike                Air            0%           95%         4
 Lightning Bolt           Conj/Air       0%           100%        5


Dungeon Overview and Level Annotations

Branches:
Dungeon (7/15)
 Temple: D:4-7

Altars:
Cheibriados
Gozag
Qazlal
Sif Muna
Wu Jian
Xom
Zin


Innate Abilities, Weirdness & Mutations

You are too large for most types of armour.
You have claws for hands.
Your natural rate of healing is unusually fast.
You are covered in fur. (AC +1)
You have extremely tough skin. (AC +3)
You are partially covered in icy blue scales. (AC +2)
You can translocate small distances at will.
Your mind is very acute. (Int +4)
You are clumsy. (Dex -2)
Armour fits poorly on your strangely shaped body.
You sometimes yell uncontrollably at your foes.
You expend magic power (3 MP) to strengthen your wands.
Your movements are slightly less encumbered by armour. (ER -2)


Message History

Unknown command.
Unknown command.
You hear the hiss of flowing sand.
There is an entrance to an ossuary on this level.
Hurry and find it before the portal is buried!
Welcome back, Descartes the Troll Chaos Knight.
Xom titters.
Press ? for a list of commands and other information.
You scratch the wight but do no damage.
The wight is almost destroyed.
Xom guffaws.
A dragon appears.
The howler monkey hits you but does no damage.
The quokka zombie bites you but does no damage.
You completely miss the wight.
The wight is almost destroyed.
The howler monkey hoots and howls with incredible vigour!
The wight hits you with a cursed +1 halberd of distortion.
* * * LOW HITPOINT WARNING * * *
Space warps horribly around you!
You die...

#########
#D.@FZ..#
#.z#hZ#.###.#
#.###........
#. #...######
# #.#..#
#.#..# . ...#
## ##F# .#


You could see a bullfrog, a howler monkey (catching breath), a wight, a rat
zombie, a quokka zombie and a friendly fire dragon (summoned).

Vanquished Creatures
  Harold (D:6)
  2 phantoms
  3 ogres (D:5)
  3 centaurs (D:5)
  A bullfrog (D:6)
  2 scorpions (D:6)
  6 wights (D:6)
  2 howler monkeys (D:7)
  A bullfrog zombie (D:7)
  A quasit (D:5)
  2 hounds
  2 jellies (D:5)
  3 orc wizards
  2 centaur skeletons
  2 iguanas (D:5)
  5 worker ants
  A worker ant zombie (D:5)
  2 gnolls (D:3)
  4 adders
  2 white imps
  4 ufetubi
  2 oozes
  An adder skeleton (D:6)
  An adder zombie (D:5)
  5 worms
  A dart slug (D:1)
  3 leopard geckos
  14 orcs
  3 giant cockroaches
  9 goblins
  3 hobgoblins
  6 jackals
  7 kobolds
  2 quokkas (D:5)
  7 bats
  6 frilled lizards
  2 jackal skeletons
  8 rats
131 creatures vanquished.

Vanquished Creatures (collateral kills)
  A scorpion (D:4)
  A wight (D:6)
  An orc wizard (D:4)
  A hound zombie (D:5)
4 creatures vanquished.

Vanquished Creatures (others)
  2 gnolls (D:3)
2 creatures vanquished.

Grand Total: 137 creatures vanquished

Notes
Turn   | Place    | Note
-------+----------+-------------------------------------------
     0 | D:1      | Descartes the Troll Chaos Knight began the quest for the
                  | Orb.
     0 | D:1      | Reached XP level 1. HP: 22/22 MP: 0/0
    15 | D:1      | XOM: silly message
    69 | D:1      | Reached XP level 2. HP: 29/29 MP: 1/1
   152 | D:1      | XOM: silly message
   179 | D:1      | Reached skill level 4 in Unarmed Combat
   416 | D:1      | XOM: divination: detect items
   470 | D:1      | You fall into a shaft and drop 1 floor!
   500 | D:2      | Reached XP level 3. HP: 36/36 MP: 2/2
   622 | D:2      | XOM: silly message
   710 | D:2      | XOM: stat loss: -1 Str (19/20)
  1021 | D:2      | XOM: summons 2 hostile shadow creatures
  1321 | D:3      | Reached XP level 4. HP: 44/44 MP: 3/3
  1337 | D:3      | Reached skill level 5 in Unarmed Combat
  1544 | D:3      | XOM: god gift: 13 gold pieces
  1842 | D:3      | XOM: enchant monster (good)
  1845 | D:3      | XOM: divine lightning
  1917 | D:3      | Reached XP level 5. HP: 46/50 MP: 4/4
  2100 | D:4      | Found a glowing silver altar of Zin.
  2175 | D:4      | Reached skill level 6 in Unarmed Combat
  2178 | D:4      | XOM: scenery: 1 doors open, 1 doors close
  2270 | D:4      | Reached XP level 6. HP: 59/59 MP: 5/5
  2300 | D:4      | Found a shimmering altar of Xom.
  2301 | D:4      | Found a shimmering altar of Xom.
  2332 | D:4      | Reached skill level 7 in Unarmed Combat
  2436 | D:4      | XOM: cloud trail
  2665 | D:4      | XOM is BORED!
  2665 | D:4      | XOM: stat loss: -2 Str (19/21)
  2704 | D:4      | Found a shimmering blue altar of Sif Muna.
  2715 | D:4      | XOM: polymorph orc wizard -> scorpion
  2748 | D:5      | Entered Level 5 of the Dungeon
  2748 | D:5      | Found an ornate altar of the Wu Jian Council.
  2774 | D:5      | XOM: confuse monster(s)
  2778 | D:5      | XOM: summons 2 friendly demons
  2809 | D:5      | XOM: god gift: 3 atropa-tipped darts
  2827 | D:5      | Noticed Grinder
  2832 | D:5      | Paralysed by Grinder for 5 turns
  2844 | D:5      | Noticed Grinder
  2844 | D:5      | Grinder changed into Grinder the quasit
  2844 | D:5      | XOM: polymorph Grinder -> Grinder the quasit
  2854 | D:5      | Killed Grinder the quasit
  2856 | D:5      | XOM: butterfly on damage
  2860 | D:5      | Reached skill level 8 in Unarmed Combat
  2860 | D:5      | Reached XP level 7. HP: 9/66 MP: 6/6
  2976 | D:5      | XOM: confuse monster(s)
  2981 | D:5      | XOM: summons friendly crimson imp
  3124 | D:5      | Reached skill level 9 in Unarmed Combat
  3206 | D:5      | XOM: cloud trail
  3249 | D:5      | Reached skill level 1 in Throwing
  3254 | D:5      | HP: 3/66 [poisoned by an orc wizard]
  3254 | D:5      | XOM: confuse monster(s)
  3259 | D:5      | HP: 3/66 [phantom (1)]
  3354 | D:5      | XOM: silly message
  3370 | D:5      | XOM: cloud trail
  3427 | D:5      | XOM: blink monster(s)
  3431 | D:5      | Reached XP level 8. HP: 59/74 MP: 7/7
  3678 | D:5      | Found an opulent altar of Gozag.
  3762 | D:5      | XOM: give mutations
  3762 | D:5      | Gained mutation: You are clumsy. (Dex -2) [Xom's mischief]
  3762 | D:5      | Gained mutation: You occasionally shout uncontrollably at
                  | your foes. [Xom's mischief]
  3762 | D:5      | Gained mutation: You sometimes yell uncontrollably at your
                  | foes. [Xom's mischief]
  3762 | D:5      | Gained mutation: Armour fits poorly on your strangely
                  | shaped body. [Xom's mischief]
  3788 | D:5      | XOM: noise
  4159 | D:6      | Found a stormy altar of Qazlal.
  4189 | D:6      | XOM is BORED!
  4189 | D:6      | XOM: summons 2 hostile demons
  4314 | D:6      | Found a snail-covered altar of Cheibriados.
  4414 | D:6      | XOM: cloud trail
  4452 | D:6      | XOM: give mutations
  4452 | D:6      | Gained mutation: You expend magic power (3 MP) to
                  | strengthen your wands. [Xom's grace]
  4452 | D:6      | Gained mutation: Your mind is acute. (Int +2) [Xom's grace]
  4609 | D:6      | Reached skill level 10 in Unarmed Combat
  4719 | D:6      | XOM: give mutations
  4719 | D:6      | Gained mutation: Your mind is very acute. (Int +4) [Xom's
                  | grace]
  4719 | D:6      | Gained mutation: You can translocate small distances at
                  | will. [Xom's grace]
  4719 | D:6      | Gained mutation: Your movements are slightly less
                  | encumbered by armour. (ER -2) [Xom's grace]
  4719 | D:6      | Gained mutation: You are partially covered in icy blue
                  | scales. (AC +2) [Xom's grace]
  4771 | D:7      | XOM: enchant monster (good)
  4788 | D:7      | Noticed Harold
  4797 | D:7      | XOM: summons friendly quasit
  4800 | D:7      | XOM: potion effect (haste)
  4923 | D:6      | XOM: summons 5 friendly demons
  4936 | D:6      | XOM: god gift: glowing hat {god gift}
  4939 | D:6      | Killed Harold
  4940 | D:6      | Reached XP level 9. HP: 26/80 MP: 8/8
  4950 | D:7      | Cast into level 2 of the Abyss (wight)
  4950 | D:7      | Escaped the Abyss
  4950 | D:7      | XOM: revert banishment
  4951 | D:7      | XOM: cast spell 'Summon Dragon'
  4952 | D:7      | Slain by a wight

Illustrated notes

Levels and vault maps discovered:
D:1:      minmay_arrival_shoal_huts, layout_basic, minmay_hedge_maze
D:2:      layout_basic
D:3:      layout_loops_corners
D:4:      layout_basic, xom_redecorated, kennysheep_mini_moat, led_sif_book
D:5:      layout_rooms, lemuel_crystal_altar, nicolae_overflow_crystal_walls,
          minmay_misc_feat_iff, minivault_14, wad_floor_pattern_untrapped,
          uniq_grinder
D:6:      layout_basic, slow_altar_1, lemuel_crystal_altar
D:7:      layout_loops_corners, minitemple, temple_hall, ebering_ghost_gozag,
          enter_ossuary_4, uniq_maggie, uniq_duvessa, uniq_harold

Skill      XL: |  1  2  3  4  5  6  7  8 |
---------------+-------------------------+-----
Unarmed Combat | 4 5 6 8 9 10 | 10.5
Dodging        | 2 4 |  4.9
Throwing       | 1 4 |  4.8
Fighting       | |  2.4

Action                   |  1- 3 |  4- 6 |  7- 9 || total
-------------------------+-------+-------+-------++-------
Melee: Unarmed           |   124 |   112 |   197 ||   433
       Punch             |     3 |       |     7 ||    10
Throw: Stone             |       |    10 |       ||    10
 Stab: Sleeping          |     1 |       |       ||     1
       Petrified         |       |     4 |       ||     4
       Petrifying        |       |     1 |       ||     1
       Confused          |       |       |     1 ||     1
       Paralysed         |       |       |     2 ||     2
Armor: Robe              |    46 |    60 |    94 ||   200
Dodge: Dodged            |    48 |    79 |   103 ||   230
